 Dungeon Crawl Stone Soup version 0.20-a0-1088-gd50b1d5 (webtiles) character file.

168 Ihatecarrots00 the Cudgeler (level 5, -5/56 HPs)
             Began as a Minotaur Berserker on May 3, 2017.
             Was a Believer of Trog.
             Slain by a gnoll
             ... wielding a +0 spear
              (10 damage)
             ... on level 3 of the Dungeon.
             The game lasted 00:05:04 (1832 turns).

Ihatecarrots00 the Cudgeler (Minotaur Berserker)    Turns: 1832, Time: 00:05:05

Health: -5/56      AC:  5    Str: 22 (23) XL:     5   Next: 24%
Magic:  4/4        EV: 11    Int:  3 (4)  God:    Trog [**....]
Gold:   144        SH:  0    Dex:  7 (9)  Spells: 4/4 levels left

rFire    x . .     SeeInvis .   a - +0 mace
rCold    + . .     Gourm    .   (no shield)
rNeg     . . .     Faith    .   j - +0 ring mail
rPois    .         Spirit   .   (helmet restricted)
rElec    .         Reflect  .   (no cloak)
rCorr    .         Harm     .   (no gloves)
MR       .....                  (no boots)
Stlth    ..........             (no amulet)
Regen    0.2/turn               c - ring of ice
MPRegen  0.1/turn               (no ring)

@: lethally poisoned (-5 -> -7), slowed, very slow
A: retaliatory headbutt, horns 2, robust 2
a: Berserk, Trog's Hand, Burn Spellbooks, Renounce Religion


You were on level 3 of the Dungeon.
You worshipped Trog.
Trog was pleased with you.
You were very hungry.

You visited 1 branch of the dungeon, and saw 3 of its levels.

You collected 144 gold pieces.

Inventory:

Hand Weapons
 a - a +0 mace (weapon)
Armour
 j - a +0 ring mail (worn)
Jewellery
 c - a ring of ice (left hand)
Scrolls
 f - 7 scrolls of identify {unknown}
 h - a scroll of recharging {unknown}
 k - a scroll of enchant weapon {unknown}
 l - 2 scrolls of amnesia {unknown}
Potions
 b - a potion of degeneration
 d - a potion of agility
 e - a potion of berserk rage
 g - 2 potions of haste {unknown}
Comestibles
 i - 2 meat rations
 m - a bread ration


   Skills:
 + Level 4.5 Fighting
 + Level 5.3 Maces & Flails
 + Level 3.8 Armour
 + Level 2.9 Dodging
 + Level 0.6 Stealth


You had 4 spell levels left.
You didn't know any spells.

Dungeon Overview and Level Annotations

Branches:
Dungeon (3/15)

Altars:
The Shining One


Innate Abilities, Weirdness & Mutations

You reflexively headbutt those who attack you in melee.
You have a pair of horns on your head.
You are very robust. (+20% HP)


Message History

You feel a strong urge to attack something.
You feel sick.
You see here a jackal corpse.
You see here a gnoll corpse.
You feel your anger subside.
You feel sick.
You are no longer berserk.
You are exhausted.
You feel yourself slow down.
You feel sick.
You feel sick. The gnoll barely misses you.
You feel sick. The gnoll completely misses you.
Found 3 scrolls labeled VIPUGIUHEST.
You feel sick.
The gnoll hits you from afar with a spear.
* * * LOW HITPOINT WARNING * * *
The gnoll hits you from afar with a spear!
You die...

#..#### .### #....#
......# .#
####.#######
#.###..... #..<.......
..## ##.# #..#.#######
...### ....##.##
..†........#### #..#
............?.####.#
.(....### #....#.##
.....## #@#..# .....#
#..#. .....# ##g# .#
.....#
#.###g###.###....
....##
#....g...........# .
######g##.###....####
#.
#######g...###........
..
.......†..............
≈≈
≈≈≈≈≈≈.†..≈≈≈≈≈≈≈≈≈≈≈≈


You could see a gnoll sergeant and 4 gnolls.

Vanquished Creatures
  Jessica (D:2)
  5 gnolls (D:3)
  4 adders
  A worm (D:3)
  An orc (D:3)
  A giant cockroach (D:2)
  3 goblins (D:2)
  5 hobgoblins
  18 jackals
  5 kobolds
  3 bats
  3 frilled lizards
  5 rats
55 creatures vanquished.

Notes
Turn   | Place    | Note
-------+----------+-------------------------------------------
     0 | D:1      | Ihatecarrots00 the Minotaur Berserker began the quest for the Orb.
     0 | D:1      | Reached XP level 1. HP: 19/19 MP: 0/0
   691 | D:2      | Reached skill level 4 in Maces & Flails
   693 | D:2      | Reached XP level 2. HP: 11/27 MP: 1/1
   703 | D:2      | Gained mutation: You are clumsy. (Dex -2) [potion of mutation]
   703 | D:2      | Gained mutation: You are robust. (+10% HP) [potion of mutation]
   703 | D:2      | Lost mutation: You are clumsy. (Dex -2) [potion of mutation]
   703 | D:2      | Gained mutation: You are very robust. (+20% HP) [potion of mutation]
  1024 | D:2      | Noticed Jessica
  1031 | D:2      | Reached XP level 3. HP: 39/39 MP: 2/2
  1032 | D:2      | Killed Jessica
  1100 | D:2      | Found a glowing golden altar of the Shining One.
  1176 | D:2      | Reached ** piety under Trog
  1255 | D:3      | Reached XP level 4. HP: 36/48 MP: 3/3
  1690 | D:3      | Reached skill level 5 in Maces & Flails
  1767 | D:3      | Reached XP level 5. HP: 19/56 MP: 4/4
  1832 | D:3      | Slain by a gnoll

Vault maps used:
D:1:      dpeg_arrival_short_road
D:2:      old_standard_altar, uniq_jessica
D:3:      lemuel_castle_with_subvaults, uniq_crazy_yiuf_cottage

Skill      XL: |  1  2  3  4 |
---------------+-------------+-----
Maces & Flails | 4 5 |  5.3
Fighting       | 4 |  4.5
Armour         | 3 |  3.8
Dodging        | |  2.9
Stealth        | |  0.6

Action                   |  1- 3 |  4- 6 || total
-------------------------+-------+-------++-------
Melee: Mace              |    53 |    48 ||   101
       Headbutt          |    10 |    12 ||    22
Invok: Berserk           |     2 |     1 ||     3
  Use: Potion            |     2 |     3 ||     5
  Eat: Bread ration      |     1 |       ||     1
Armor: Ring mail         |    38 |    24 ||    62
       Animal skin       |     1 |       ||     1
Dodge: Dodged            |    39 |    44 ||    83
